 Dungeon Crawl Stone Soup version 0.29-a0-993-g4a18f31a58 (webtiles) character file.

Game seed: 6064141330135529741

14296 Nato the Grappler (level 11, 0/117 HPs)
             Began as a Troll Fighter on Aug 3, 2022.
             Was an Initiate of Gozag.
             Slain by a ten-headed hydra (13 damage)
             ... on level 1 of the Lair of Beasts.
             The game lasted 00:44:55 (13566 turns).

Nato the Grappler (Troll Fighter)                  Turns: 13566, Time: 00:44:57

Health: 0/117      AC:  9    Str: 30    XL:     11   Next: 86%
Magic:  10/10      EV:  8    Int:  4    God:    Gozag
Gold:   2425       SH: 10    Dex:  9    Spells: 10/10 levels left

rFire   x . .      SeeInvis .     - Unarmed
rCold   + . .      Faith    .   b - +1 kite shield
rNeg    . . .      Spirit   .   y - +1 acid dragon scales
rPois   .          Reflect  .   (helmet restricted)
rElec   .          Harm     .   (no cloak)
rCorr   +          Rampage  .   (gloves unavailable)
Will    .....                   (boots unavailable)
Stlth   +.........              g - amulet of regeneration
HPRegen 1.89/turn               d - ring of ice
MPRegen 0.12/turn               (no ring)

@: hasted, very quick
A: large, unfitting armour, claws 3, regeneration 1, shaggy fur 1, tough skin 1
a: Renounce Religion, Potion Petition, Call Merchant, Bribe Branch


You were on level 1 of the Lair of Beasts.
You worshipped Gozag.
Gozag was most pleased with you.
You visited 2 branches of the dungeon, and saw 11 of its levels.
You also visited: Sewer.

You collected 3809 gold pieces.
You spent 810 gold pieces at shops.
You paid 574 gold pieces to Gozag.

Inventory:

Missiles
 w - 56 poisoned darts (quivered)
 x - 2 throwing nets
Armour
 a - a +0 robe
 b - a +1 kite shield (worn)
 y - +1 acid dragon scales (worn)
Jewellery
 d - a ring of ice (left claw)
 e - a ring of fire
 g - an amulet of regeneration (around neck)
 z - a ring of ice
 D - an amulet of guardian spirit
Wands
 A - a wand of paralysis (9)
 E - a wand of quicksilver (2)
Scrolls
 c - a scroll of noise
 f - a scroll of enchant weapon {unknown}
 h - 2 scrolls of poison
 i - a scroll of fear
 k - 6 scrolls of teleportation
 m - 2 scrolls of blinking
 p - 3 scrolls of enchant armour
 r - 4 scrolls of magic mapping
 s - 4 scrolls of butterflies {unknown}
 B - 2 scrolls of identify
 F - a scroll of immolation {unknown}
 G - a scroll of summoning {unknown}
Potions
 j - 3 potions of heal wounds
 l - 2 potions of haste
 n - a potion of resistance {unknown}
 o - a potion of mutation {unknown}
 q - a potion of invisibility {unknown}
 t - 4 potions of curing
 u - 2 potions of flight {unknown}
 v - a potion of attraction {unknown}
 C - 4 potions of ambrosia


   Skills:
 - Level 10.0 Fighting
 - Level 3.0 Dodging
 - Level 8.0 Shields
 + Level 13.4 Unarmed Combat


You had 10 spell levels left.
You didn't know any spells.
Your spell library contained the following spells:

 Spells                   Type           Power      Damage    Failure   Level
 Apportation              Tloc           0%         N/A       80%         1
 Magic Dart               Conj           0%         1d3       80%         1
 Necrotise                Necr           0%         1d4       80%         1
 Summon Small Mammal      Summ           0%         N/A       80%         1
 Call Imp                 Summ           0%         N/A       91%         2
 Dazzling Flash           Conj/Hex       0%         N/A       99%         3
 Ignite Poison            Fire/Tmut/Pois 0%         N/A       99%         3
 Mephitic Cloud           Conj/Pois/Air  0%         N/A       99%         3
 Agony                    Necr           0%         N/A       100%        5
 Freezing Cloud           Conj/Ice/Air   0%         6-21      100%        5
 Silence                  Hex/Air        0%         N/A       100%        5


Dungeon Overview and Level Annotations

Branches:
Dungeon (10/15)            Temple (0/1) D:6            Lair (1/5) D:10
    Orc (0/2) D:10          Sewer (visited)

Altars:
Ashenzari
Cheibriados
Dithmenos
Elyvilon
Gozag
Hepliaklqana
Kikubaaqudgha
Makhleb
Nemelex Xobeh
Okawaru
Uskayaw

Shops:
D:2 [   D:6 [(*?   D:9 *


Innate Abilities, Weirdness & Mutations

You are too large for most types of armour.
You have claws for hands.
Your natural rate of healing is unusually fast.
You are covered in fur. (AC +1)
You have tough skin. (AC +1)


Message History

The six-headed hydra bites you! The six-headed hydra bites you.
The six-headed hydra barely misses you.
You claw one of the six-headed hydra's heads off!
The five-headed hydra grows two more!
You claw the seven-headed hydra!
The seven-headed hydra is moderately wounded.
You tear one of the seven-headed hydra's heads off!
The six-headed hydra grows two more!
You scratch the eight-headed hydra.
The eight-headed hydra is moderately wounded.
The eight-headed hydra bites you.
The eight-headed hydra bites you but does no damage.
The eight-headed hydra closely misses you.
The eight-headed hydra bites you!
You block the eight-headed hydra's attack.
The eight-headed hydra barely misses you.
The eight-headed hydra bites you! x2
You claw one of the eight-headed hydra's heads off!
The seven-headed hydra grows two more!
You claw the nine-headed hydra!
The nine-headed hydra is moderately wounded.
You rip one of the nine-headed hydra's heads off!
The eight-headed hydra grows two more!
You scratch the ten-headed hydra.
The ten-headed hydra is lightly wounded.
You block the ten-headed hydra's attack.
The ten-headed hydra bites you. x3
* * * LOW HITPOINT WARNING * * *
You block the ten-headed hydra's attack. x2
The ten-headed hydra bites you!
* * * LOW HITPOINT WARNING * * *
The ten-headed hydra bites you!
* * * LOW HITPOINT WARNING * * *
The ten-headed hydra bites you.
* * * LOW HITPOINT WARNING * * *
The ten-headed hydra closely misses you.
As you read the scroll of fear, it crumbles to dust.
You assume a fearsome visage.
The ten-headed hydra easily resists.
The ten-headed hydra bites you but does no damage.
You block the ten-headed hydra's attack. x2
The ten-headed hydra bites you but does no damage.
The ten-headed hydra bites you!
You die...
Your body crumbles into a pile of gold.

#........###............P#
##............##.........#
#............##...>.....#
#.......###..##.........#
#...#.##.#...# #.........
##...........###.........
#................#......
#...........)...........
#......@..$.............
#...####D##)............
##..# #.##.....#...)...
#.## #..............##
##.#####.P..~~~~~~~~~...
#..##....#..~~~~≈≈~≈~.##
##..........~~~~≈≈≈≈~.#
#..........~~~~≈~≈≈~.#
#....##....~~~~~~~~~


You could see a ten-headed hydra.

Vanquished Creatures
  Josephine (D:10)
  Fannar (D:10)
  2 two-headed ogres (D:10)
  3 death yaks (D:10)
  A cane toad (Lair:1)
  A rime drake (Lair:1)
  2 trolls (D:10)
  A queen bee (Lair:1)
  A hornet (D:10)
  2 wyverns
  10 yaks
  6 wraiths
  Grum (D:10)
  2 steam dragons
  2 water moccasins
  A sky beast (D:7)
  2 black bears
  An ice beast (D:8)
  2 ogres
  4 wolves (D:10)
  3 centaurs
  4 phantoms
  4 kobold brigands
  2 bullfrogs (Sewer)
  2 necrophages
  5 scorpions
  16 wights
  29 killer bees
  2 electric eels (D:6)
  3 howler monkeys
  A hound (D:5)
  A jelly (D:7)
  8 orc priests
  2 gnoll boudas
  3 iguanas
  14 orc wizards
  11 gnolls
  5 adders
  A river rat (D:4)
  3 white imps
  An ufetubus (D:5)
  6 worms
  2 dart slugs
  26 orcs
  6 bats
  5 endoplasms
  7 giant cockroaches
  7 goblins
  8 hobgoblins
  8 jackals (D:1)
  19 kobolds
  7 quokkas
  13 ball pythons
  14 frilled lizards
  10 rats
304 creatures vanquished.

Vanquished Creatures (others)
  9 fungi
  11 plants
20 creatures vanquished.

Grand Total: 324 creatures vanquished

Notes
Turn   | Place    | Note
-------+----------+-------------------------------------------
     0 | D:1      | Nato the Troll Fighter began the quest for the Orb.
     0 | D:1      | Reached XP level 1. HP: 22/22 MP: 0/0
   254 | D:1      | Reached XP level 2. HP: 24/29 MP: 1/1
  1036 | D:2      | Found Ywugg's Armour Shop.
  1042 | D:2      | Reached XP level 3. HP: 36/36 MP: 2/2
  1439 | D:2      | Found a faded altar of an unknown god.
  1473 | D:2      | Reached XP level 4. HP: 36/45 MP: 3/3
  1693 | D:3      | Reached skill level 3 in Unarmed Combat
  2454 | D:4      | Found a glowing drain.
  2460 | Sewer    | Entered a sewer
  2569 | Sewer    | Reached XP level 5. HP: 53/53 MP: 4/4
  2699 | Sewer    | Reached skill level 4 in Unarmed Combat
  2702 | Sewer    | Reached XP level 6. HP: 50/62 MP: 5/5
  3110 | D:4      | Found an opulent altar of Gozag.
  3158 | D:4      | Became a worshipper of Gozag Ym Sagoz the Greedy
  3732 | D:5      | Entered Level 5 of the Dungeon
  3753 | D:5      | Reached skill level 5 in Unarmed Combat
  3972 | D:5      | Reached XP level 7. HP: 69/71 MP: 6/6
  3987 | D:5      | Reached skill level 5 in Fighting
  4063 | D:5      | Found a broken altar of Ashenzari.
  4143 | D:5      | Found a burning altar of Makhleb.
  4145 | D:5      | Found a white marble altar of Elyvilon.
  4162 | D:5      | Found an iron altar of Okawaru.
  4593 | D:5      | Reached skill level 6 in Unarmed Combat
  5085 | D:5      | Found a hazy altar of Hepliaklqana.
  5812 | D:5      | Reached skill level 7 in Unarmed Combat
  5948 | D:6      | Found a shadowy altar of Dithmenos.
  5962 | D:6      | Reached XP level 8. HP: 80/80 MP: 7/7
  5976 | D:6      | Reached skill level 8 in Unarmed Combat
  6032 | D:6      | Found a staircase to the Ecumenical Temple.
  6057 | D:6      | Reached skill level 9 in Unarmed Combat
  6104 | D:6      | Found a sparkling altar of Nemelex Xobeh.
  6236 | D:6      | Found Hotiofod's Armour Emporium.
  6237 | D:6      | Found Nium's Assorted Antiques.
  6252 | D:6      | Reached skill level 10 in Unarmed Combat
  6280 | D:6      | Found Recaul's Antique Weapon Shop.
  6280 | D:6      | Found Plog's Magic Scroll Boutique.
  6413 | D:6      | Bought a scroll of identify for 24 gold pieces
  6416 | D:6      | Identified a scroll of acquirement
  6417 | D:6      | Acquired 553 gold pieces
  6780 | D:6      | Found a snail-covered altar of Cheibriados.
  6782 | D:6      | Found an ancient bone altar of Kikubaaqudgha.
  6800 | D:6      | Reached XP level 9. HP: 80/88 MP: 8/8
  7730 | D:7      | Reached skill level 11 in Unarmed Combat
  8150 | D:8      | Acquired 1008 gold pieces
  8456 | D:8      | Reached skill level 12 in Unarmed Combat
  9592 | D:9      | Noticed a troll
  9839 | D:9      | Reached XP level 10. HP: 94/96 MP: 9/9
 10241 | D:9      | Reached skill level 13 in Unarmed Combat
 10302 | D:9      | Bought a scroll of teleportation for 105 gold pieces
 10302 | D:9      | Bought a scroll of identify for 70 gold pieces
 10529 | D:2      | Bought +1 acid dragon scales for 611 gold pieces
 11046 | D:10     | Entered Level 10 of the Dungeon
 11046 | D:10     | Noticed Fannar
 11083 | D:10     | Killed Fannar
 11084 | D:10     | Reached skill level 5 in Shields
 11243 | D:10     | Noticed Grum
 11260 | D:10     | Killed Grum
 11428 | D:10     | Noticed a two-headed ogre
 11433 | D:10     | Killed a two-headed ogre
 11644 | D:10     | Found a staircase to the Lair.
 11645 | D:10     | Noticed a death yak
 11645 | D:10     | Noticed a death yak
 11648 | D:10     | Noticed a death yak
 11655 | D:10     | Killed a death yak
 11656 | D:10     | Reached XP level 11. HP: 106/110 MP: 10/10
 11659 | D:10     | Killed a death yak
 11660 | D:10     | Killed a death yak
 11844 | D:10     | Found a hide-covered altar of Uskayaw.
 11854 | D:10     | Found a staircase to the Orcish Mines.
 11978 | D:10     | Noticed a two-headed ogre
 12032 | D:10     | Killed a two-headed ogre
 12689 | D:10     | Noticed Josephine
 13059 | D:10     | Killed Josephine
 13295 | Lair:1   | Entered Level 1 of the Lair of Beasts
 13395 | Lair:1   | Reached skill level 10 in Fighting
 13513 | Lair:1   | Noticed a five-headed hydra
 13566 | Lair:1   | Slain by a ten-headed hydra

Illustrated notes

Levels and vault maps discovered:
D:1:      kennysheep_arrival_seaside, layout_loops_corners
D:2:      minmay_evil_eye, layout_rooms, serial_shops, shop,
          hellmonk_ecumenical_altar_inner_sanctum
D:3:      layout_basic
D:4:      layout_gridville, mainiacjoe_overflow_brackets,
          lightli_sewer_entry_pipes, minmay_misc_feat_cross
D:5:      layout_basic, nicolae_overflow_hidden_temple,
          worldfamousw_hep_ancestral_shrine, serial_bayou, serial_bayou_lake_a,
          serial_bayou_pond_a, serial_bayou_shore_b, serial_bayou_crossing,
          nicolae_figureground_sparkle
D:6:      layout_basic, nemelex_xobeh_ov_fountains_minmay,
          nicolae_overflow_squiral, kennysheep_mini_moat,
          minmay_temple_entry_wispy, nicolae_wooded_promenade
D:7:      layout_cave_pools
D:8:      layout_gridville
D:9:      layout_roguey
D:10:     minmay_the_grid_square_5x5_3x3
          [minmay_the_grid_square_5x5_doubleslash,
          minmay_the_grid_square_5x5_hourglass, minmay_the_grid_square_5x5_tie,
          minmay_the_grid_square_5x5_inverted_slash,
          minmay_the_grid_square_5x5_megaprize_hollow,
          minmay_the_grid_square_5x5_eight_small,
          minmay_the_grid_square_5x5_fat_x, minmay_the_grid_square_5x5_shuriken,
          minmay_the_grid_square_5x5_shrine1], layout_grid_maze,
          lemuel_crystal_altar, dpeg_lair_monsters, dreamdust_mushroom_princess,
          uniq_grum, uniq_fannar, uniq_josephine
Lair:1:   layout_gridlike, special_room [special_room_bee],
          hellmonk_guarded_unrand_vines, lemuel_fruit_fields, uniq_gastronok

Skill      XL: |  1  2  3  4  5  6  7  8  9 10 11 |
---------------+----------------------------------+-----
Shields        | 3 7 8 |  8.0
Fighting       | 3 4 5 7 10 | 10.0
Dodging        | 3 |  3.0
Unarmed Combat | 3 4 5 7 10 12 13 | 13.4

Action                   |  1- 3 |  4- 6 |  7- 9 | 10-12 || total
-------------------------+-------+-------+-------+-------++-------
Melee: Unarmed           |   112 |   175 |   311 |   341 ||   939
Invok: Call Merchant     |       |       |       |     1 ||     1
  Use: Potion            |       |     1 |     1 |     1 ||     3
       Scroll            |       |       |    12 |     6 ||    18
 Stab: Sleeping          |     1 |       |       |       ||     1
       Distracted        |       |       |     2 |     2 ||     4
Armor: Robe              |    35 |    56 |    50 |    20 ||   161
       Acid dragon scale |       |       |       |    81 ||    81
Dodge: Dodged            |    36 |    55 |    70 |   103 ||   264
Block: Kite shield       |    35 |    62 |    99 |   171 ||   367

Table legend: (Time is in decaauts)
 A = Elapsed time spent in this place.
 B = Non-inter-level travel time spent in this place.
 C = Inter-level travel time spent in this place.
 D = Time resting spent in this place.
 E = Time spent auto-exploring this place.
 F = Levels seen in this place.
 G = Mean time per level.
                   A        B        C        D        E       F      G
               +--------+--------+--------+--------+--------+-----+--------+
         Total |  13728 |  11773 |   1955 |   2798 |   6329 |  12 | 1144.0 |
       Dungeon |  12767 |  10827 |   1940 |   2757 |   5863 |  10 | 1276.7 |
          Lair |    258 |    243 |     15 |     41 |    100 |   1 |  258.0 |
         Sewer |    702 |    702 |      0 |      0 |    366 |   1 |  702.0 |
               +--------+--------+--------+--------+--------+-----+--------+

Top non-repeatable levels by time:
    D:10: 2081 daAuts
     D:5: 1897 daAuts
     D:6: 1674 daAuts
     D:8: 1510 daAuts
     D:4: 1199 daAuts
     D:9: 1133 daAuts
     D:3: 1026 daAuts
     D:1: 980 daAuts
   Sewer: 702 daAuts
     D:7: 643 daAuts
     D:2: 620 daAuts
  Lair:1: 258 daAuts
